 Dungeon Crawl Stone Soup version 0.28-a0-472-g50180c0d78 (webtiles) character file.

Game seed: 4174752514843157905

42 Dabor the Insei (level 3, -1/28 HPs)
             Began as a Demigod Transmuter on Sept 15, 2021.
             Slain by a worm (9 damage)
             ... on level 2 of the Dungeon.
             The game lasted 00:04:49 (1806 turns).

Dabor the Insei (Demigod Transmuter)                Turns: 1806, Time: 00:04:50

Health: -1/28      AC:  2    Str: 11    XL:     3   Next: 17%
Magic:  7/8        EV: 11    Int: 19    God:
Gold:   21         SH:  5    Dex: 14    Spells: 5/6 levels left

rFire   . . .      SeeInvis .     - Unarmed
rCold   . . .      Faith    .   e - +2 buckler
rNeg    . . .      Spirit   .   a - +0 robe
rPois   .          Reflect  .   (helmet currently unavailable)
rElec   .          Harm     .   (no cloak)
rCorr   .          Rampage  .   (no gloves)
Will    .....                   (boots currently unavailable)
Stlth   +.........              (no amulet)
HPRegen 0.09/turn               (no ring)
MPRegen 0.11/turn               (no ring)

@: appendages
A: horns 2, talons 2, high mp 1, forlorn
a: End Transformation


You were on level 2 of the Dungeon.
You had temporarily grown beastly horns and talons.
You visited 1 branch of the dungeon, and saw 2 of its levels.

You collected 21 gold pieces.

Inventory:

Missiles
 b - 6 boomerangs
Armour
 a - a +0 robe (worn)
 e - a +2 buckler (worn)
 f - a +0 pair of boots (melded)
Scrolls
 c - a scroll of enchant weapon {unknown}
 h - a scroll of amnesia {unknown}
Potions
 d - a potion of degeneration {unknown}
 g - 2 potions of curing {unknown}


   Skills:
 + Level 1.5 Fighting
 + Level 2.1 Dodging
 + Level 3.0 Unarmed Combat
 + Level 2.1 Spellcasting
 + Level 2.1 Transmutations


You had 5 spell levels left.
You knew the following spells:

 Your Spells              Type           Power      Damage    Failure   Level
a - Beastly Appendage     Tmut           20%        N/A       12%         1

Your spell library contained the following spells:

 Spells                   Type           Power      Damage    Failure   Level
 Wereblood                Tmut           10%        N/A       17%         2
 Spider Form              Tmut/Pois      3%         N/A       47%         3
 Ice Form                 Ice/Tmut       6%         N/A       87%         4


Dungeon Overview and Level Annotations

Branches:
Dungeon (2/15)

Shops:
D:1 *?!


Innate Abilities, Weirdness & Mutations

You have temporarily grown beastly horns and talons.
Your attributes grow dramatically as you level up.
You have an increased reservoir of magic. (+10% MP)
You shall have no god before yourself.


Message History

You barely miss the kobold.
The kobold is severely wounded.
The kobold hits you with a +0 club.
You hit the kobold.
You kill the kobold!
No target in view!
No target in view!
Things that are here:
a +0 club; 3 stones; a kobold corpse
h - a scroll labelled LECA HOBUVVO
Found a stone staircase leading down.
Found a stone staircase leading down.
No target in view!
No target in view!
A worm and a goblin come into view.
Found 30 stones.
The goblin shouts!
The worm bites you. The goblin hits you with a +0 dagger. The worm bites you!
The goblin hits you but does no damage.
Casting: Beastly Appendage (safe; 12% risk of failure)
Confirm with . or Enter, or press ? or * to list all spells.
You grow a pair of large bovine horns.
Your feet morph into talons.
Your +0 pair of boots melds into your body.
The goblin hits you with a +0 dagger.
You closely miss the goblin. Your headbutt misses the goblin.
You block the goblin's attack.
You hit the goblin. Your headbutt misses the goblin.
The goblin is severely wounded.
The goblin barely misses you.
You hit the goblin.
You kill the goblin!
The worm bites you!
* * * LOW HITPOINT WARNING * * *
You hit the worm but do no damage. You claw the worm.
The worm is moderately wounded.
You barely miss the worm. Your headbutt misses the worm.
The worm is moderately wounded.
The worm bites you!
You die...

######..###.#######.#..##
.. ..... #.....## ###
#.#.# ##......# .#
##...###.# ##.....# #
#...##....# #...# ##..# .
#..## #.... ..# #@.# ..
##. .... #)w##.#
..#..###.#.>.#
....(.......##
...........##
..##..........#
#.......##... .....?...>.
.. ................


You could see a worm.

Vanquished Creatures
  A dart slug (D:1)
  2 ball pythons
  5 bats
  4 endoplasms (D:1)
  5 giant cockroaches
  5 goblins
  A hobgoblin (D:1)
  2 jackals (D:1)
  2 kobolds
  A quokka (D:1)
  3 frilled lizards (D:1)
  3 rats (D:1)
34 creatures vanquished.

Notes
Turn   | Place    | Note
-------+----------+-------------------------------------------
     0 | D:1      | Dabor the Demigod Transmuter began the quest for the Orb.
     0 | D:1      | Reached XP level 1. HP: 15/15 MP: 5/5
   108 | D:1      | Reached skill level 1 in Fighting
   257 | D:1      | Reached XP level 2. HP: 18/23 MP: 5/7
   773 | D:1      | Found Foal's Magic Scroll Shoppe.
   862 | D:1      | Found Asocis's Assorted Antiques.
   895 | D:1      | Found Patala's Distillery.
  1579 | D:2      | Reached XP level 3. HP: 25/28 MP: 5/8
  1594 | D:2      | Reached skill level 3 in Unarmed Combat
  1806 | D:2      | Slain by a worm

Illustrated notes

Levels and vault maps discovered:
D:1:      dpeg_arrival_shrine, layout_basic, serial_shops, shop, shop,
          nicolae_shop_statue_plus
D:2:      layout_rooms, grunt_ministairs_3, minmay_tetromino_l2

Skill      XL: |  1  2  3 |
---------------+----------+-----
Fighting       | 1 |  1.5
Dodging        | 2 |  2.1
Transmutations | 2 |  2.1
Spellcasting   | 2 |  2.1
Unarmed Combat | 3 |  3.0

Action                   || total
-------------------------++-------
Melee: Unarmed           ||    98
       Headbutt          ||     8
       Kick              ||     8
 Cast: Beastly Appendage ||    12
  Use: Scroll            ||     2
 Stab: Sleeping          ||     6
Armor: Robe              ||    16
Dodge: Dodged            ||    56
Block: Buckler           ||     4

Table legend: (Time is in decaauts)
 A = Elapsed time spent in this place.
 B = Non-inter-level travel time spent in this place.
 C = Inter-level travel time spent in this place.
 D = Time resting spent in this place.
 E = Time spent auto-exploring this place.
 F = Levels seen in this place.
 G = Mean time per level.
                   A        B        C        D        E       F      G
               +--------+--------+--------+--------+--------+-----+--------+
         Total |   1803 |   1787 |     16 |      0 |   1449 |   2 |  901.5 |
       Dungeon |   1803 |   1787 |     16 |      0 |   1449 |   2 |  901.5 |
               +--------+--------+--------+--------+--------+-----+--------+

Top non-repeatable levels by time:
     D:1: 1549 daAuts
     D:2: 254 daAuts
